 Dungeon Crawl Stone Soup version 0.29.1-15-g9cfb28693d (webtiles) character file.

Game seed: 12760063429235202150

749 Heoruswealwe the Thaumaturge (level 7, 0/39 HPs)
             Began as a Deep Elf Conjurer on Mar 1, 2023.
             Was a Believer of Okawaru.
             Slain by a mummy (14 damage)
             ... on level 4 of the Dungeon.
             The game lasted 00:25:43 (2616 turns).

Heoruswealwe the Thaumaturge (Deep Elf Conjurer)    Turns: 2616, Time: 00:25:47

Health: 0/39       AC:  3    Str:  4      XL:     7   Next: 48%
Magic:  15/29      EV: 12    Int: 25      God:    Okawaru [**....]
Gold:   244        SH:  5    Dex: 11 (13) Spells: 19/22 levels left

rFire   . . .      SeeInvis .   o - +0 falchion
rCold   . . .      Faith    .   (no shield)
rNeg    . . .      Spirit   .   n - +0 robe
rPois   .          Reflect  +   D - +0 helmet
rElec   .          Harm     .   (no cloak)
rCorr   .          Rampage  .   (no gloves)
Will    .....                   (no boots)
Stlth   ++........              k - amulet of reflection
HPRegen 0.13/turn               f - ring of magical power
MPRegen 0.21/turn               (no ring)

@: no status effects
A: robust 1
a: Renounce Religion, Heroism


You were on level 4 of the Dungeon.
You worshipped Okawaru.
Okawaru was pleased with you.
You visited 1 branch of the dungeon, and saw 4 of its levels.

You collected 244 gold pieces.

Inventory:

Hand Weapons
 j - a +0 war axe
 o - a +0 falchion (weapon)
 s - a +2 whip of flaming
 u - a +0 dagger of flaming
 w - a +0 falchion
 x - a +0 hand axe
 y - a +0 trident
 A - a +0 hand axe
 B - a +0 short sword
 E - a +0 flail
 J - a +2 hand axe of draining
 L - a +0 whip
 O - a +0 halberd
 V - a +0 giant club
 W - a +0 sling
Missiles
 i - 8 stones
 X - 9 large rocks
Armour
 a - a +0 robe
 c - a +1 helmet
 d - a +0 ring mail
 g - a +0 robe
 h - a +0 leather armour
 n - a +0 robe (worn)
 p - a +0 robe
 r - a +0 scale mail
 D - a +0 helmet (worn)
 I - a +0 scale mail
 K - a +0 ring mail
 N - a +0 ring mail
Jewellery
 f - a ring of magical power (left hand)
 k - an amulet of reflection (around neck)
 l - a ring of ice
Wands
 m - a wand of flame (13)
Scrolls
 q - a scroll of poison {unknown}
 C - a scroll of noise
 F - a scroll of enchant armour
 H - a scroll of amnesia
Potions
 b - 2 potions of magic
 e - a potion of degeneration
 z - a potion of might


   Skills:
 - Level 2.4 Dodging
 - Level 2.4 Stealth
 + Level 8.2 Spellcasting
 + Level 7.8 Conjurations


You had 19 spell levels left.
You knew the following spells:

 Your Spells              Type           Power      Damage    Failure   Level
a - Magic Dart            Conj           100%       1d8       1%          1
b - Searing Ray           Conj           98%        2d8       1%          2

Your spell library contained the following spells:

 Spells                   Type           Power      Damage    Failure   Level
 Foxfire                  Conj/Fire      100%       2x1d9     1%          1
 Dazzling Flash           Conj/Hex       60%        N/A       3%          3
 Beastly Appendage        Tmut           20%        N/A       6%          1
 Scorch                   Fire           20%        2d6       9%          2
 Wereblood                Tmut           10%        N/A       9%          2
 Flame Wave               Conj/Fire      30%        2d9       12%         4
 Fulminant Prism          Conj/Hex       15%        3d11      12%         4
 Iskenderun's Mystic Bla  Conj/Tloc      30%        2d8       12%         4
 Spider Form              Tmut/Pois      10%        N/A       19%         3
 Borgnjor's Vile Clutch   Necr/Erth      5%         N/A       86%         5
 Starburst                Conj/Fire      15%        6d6       87%         6
 Shatter                  Erth           5%         3d8*      100%        9


Dungeon Overview and Level Annotations

Branches:
Dungeon (4/15)
 Temple: D:4-7

Altars:
Okawaru
The Shining One

Portals:
Ossuary: D:4


Innate Abilities, Weirdness & Mutations

You are robust. (+10% HP)


Message History

Aim: a kobold zombie (100% to hit)
The magic dart hits the kobold zombie.
The kobold zombie is heavily damaged.
The kobold zombie hits you but does no damage.
Casting: Magic Dart (safe; 1% risk of failure)
Confirm with . or Enter, or press ? or * to list all spells.
Aiming: Magic Dart (safe; 1% risk of failure)
Press: ? - help, Shift-Dir - straight line, f/p - kobold zombie
Aim: a kobold zombie (heavily damaged, 100% to hit)
The magic dart hits the kobold zombie!
You destroy the kobold zombie!
Okawaru accepts your kill.
Found 9 gold pieces.
You now have 244 gold pieces (gained 9).
You open the door.
A mummy comes into view.
Found a sand-covered staircase.
Casting: Magic Dart (safe; 1% risk of failure)
Confirm with . or Enter, or press ? or * to list all spells.
Aiming: Magic Dart (safe; 1% risk of failure)
Press: ? - help, Shift-Dir - straight line, f - mummy
Aim: a mummy (dormant, 100% to hit)
The magic dart hits the mummy.
The mummy is lightly damaged.
Casting: Magic Dart (safe; 1% risk of failure)
Confirm with . or Enter, or press ? or * to list all spells.
Aiming: Magic Dart (safe; 1% risk of failure)
Press: ? - help, Shift-Dir - straight line, f/p - mummy
Aim: a mummy (lightly damaged, 100% to hit)
The magic dart hits the mummy.
The mummy is moderately damaged.
Casting: Magic Dart (safe; 1% risk of failure)
Confirm with . or Enter, or press ? or * to list all spells.
Aiming: Magic Dart (safe; 1% risk of failure)
Press: ? - help, Shift-Dir - straight line, f/p - mummy
Aim: a mummy (moderately damaged, 100% to hit)
The magic dart hits the mummy.
The mummy is heavily damaged.
The mummy hits you!
You die...

.# .# #.. .### #.. ...
#.. #.# #.# #.#### #.#
#....##### #.#
######.##.....####.####
#......@..............##
..#..###M###.###'###.....
## #∩##...##.##..####
.###.....###..##
..#.......#..##
#..###+###..## ....#
##..## .....###...#
#..#....#


You could see a mummy.

Vanquished Creatures
  Pikel (D:4)
  An ogre (D:3)
  A lemure (D:4)
  2 hounds (D:4)
  4 adders (D:2)
  3 worms
  4 dart slugs
  6 orcs
  3 endoplasms
  3 giant cockroaches
  11 hobgoblins
  3 jackals (D:4)
  3 kobolds
  4 quokkas
  5 ball pythons
  4 bats
  17 goblins
  A kobold zombie (D:4)
  3 rats
79 creatures vanquished.

Notes
Turn   | Place    | Note
-------+----------+-------------------------------------------
     0 | D:1      | Heoruswealwe the Deep Elf Conjurer began the quest for the
                  | Orb.
     0 | D:1      | Reached XP level 1. HP: 10/10 MP: 6/6
   553 | D:1      | Reached XP level 2. HP: 15/15 MP: 8/8
  1051 | D:2      | Reached skill level 4 in Spellcasting
  1055 | D:2      | Reached skill level 5 in Conjurations
  1055 | D:2      | Reached XP level 3. HP: 14/19 MP: 7/10
  1191 | D:2      | Learned a level 2 spell: Searing Ray
  1269 | D:2      | Reached XP level 4. HP: 24/24 MP: 12/12
  1447 | D:2      | Found a faded altar of an unknown god.
  1493 | D:2      | Prayed at the altar of an unknown god.
  1493 | D:2      | Became a worshipper of Warmaster Okawaru
  1493 | D:2      | Reached * piety under Okawaru
  1653 | D:3      | Identified a scroll of acquirement
  1653 | D:3      | Acquired the Omnibus of Charred Stones
  1678 | D:3      | Gained mutation: You are robust. (+10% HP) [potion of
                  | mutation]
  1767 | D:3      | Reached skill level 5 in Spellcasting
  1772 | D:3      | Found a glowing golden altar of the Shining One.
  2074 | D:3      | Noticed an ogre
  2080 | D:3      | Killed an ogre
  2081 | D:3      | Reached XP level 5. HP: 30/30 MP: 15/15
  2361 | D:4      | Reached skill level 6 in Spellcasting
  2529 | D:4      | Noticed Pikel
  2529 | D:4      | Noticed a lemure
  2529 | D:4      | Noticed a lemure
  2530 | D:4      | Noticed a lemure
  2530 | D:4      | Noticed a lemure
  2534 | D:4      | Killed a lemure
  2541 | D:4      | Killed Pikel
  2541 | D:4      | Reached ** piety under Okawaru
  2542 | D:4      | Reached skill level 8 in Spellcasting
  2542 | D:4      | Reached XP level 6. HP: 19/35 MP: 17/19
  2542 | D:4      | Reached XP level 7. HP: 22/39 MP: 17/20
  2613 | D:4      | Found a sand-covered staircase.
  2616 | D:4      | Slain by a mummy

Illustrated notes

Levels and vault maps discovered:
D:1:      erik_arrival_blinker_ship, layout_loops_corners
D:2:      cheibrodos_greedy_goblins, layout_rooms,
          shapermc_ecumenical_altar_notcrosses
D:3:      layout_loops_ring, nicolae_tso_carved_into_rock, minmay_ogre_servants
D:4:      layout_loops_ring, minmay_temple_entry_overgrown,
          nicolae_ossuary_entry_giza, minmay_vboxes, uniq_pikel

Skill      XL: |  1  2  3  4  5 |
---------------+----------------+-----
Spellcasting   | 4 5 8 |  8.2
Conjurations   | 5 6 7 |  7.8
Dodging        | |  2.4
Stealth        | |  2.4

Action                   |  1- 3 |  4- 6 |  7- 9 || total
-------------------------+-------+-------+-------++-------
Melee: Dagger            |     2 |       |       ||     2
       Falchion          |       |     1 |       ||     1
 Cast: Magic Dart        |    48 |    92 |    17 ||   157
       Searing Ray       |     2 |     3 |       ||     5
  Use: Scroll            |     4 |     7 |       ||    11
       Potion            |     3 |     2 |       ||     5
Armor: Robe              |     6 |     3 |     2 ||    11
Dodge: Dodged            |    14 |    11 |     7 ||    32
Block: Other             |       |     1 |     2 ||     3
